 Dungeon Crawl Stone Soup version 0.20.1-1-g8b1a95d (webtiles) character file.

128 Knicklaso the Chiller (level 5, -2/38 HPs)
             Began as a Ghoul Ice Elementalist on Aug 2, 2017.
             Was a Follower of Kikubaaqudgha.
             Slain by a bullfrog (9 damage)
             ... on level 4 of the Dungeon.
             The game lasted 00:09:51 (2898 turns).

Knicklaso the Chiller (Ghoul Ice Elementalist)      Turns: 2898, Time: 00:09:52

Health: -2/38      AC:  2    Str: 12    XL:     5   Next: 11%
Magic:  2/8        EV: 12    Int: 11    God:    Kikubaaqudgha [*.....]
Gold:   225        SH:  0    Dex:  9    Spells: 7/9 levels left

rFire    . . .     SeeInvis .   n - +2 short sword (elec)
rCold    + . .     Gourm    .   (no shield)
rNeg     + + +     Faith    .   a - +0 robe
rPois    ∞         Spirit   .   (no helmet)
rElec    .         Reflect  .   (no cloak)
rCorr    .         Harm     .   (no gloves)
MR       .....                  (no boots)
Stlth    ++........             (no amulet)
Regen    0.0/turn               (no ring)
MPRegen  0.2/turn               (no ring)

@: rotting
A: rotting body, claws 1, carnivore 3, cold resistance 1, negative energy
resistance 3, inhibited regeneration, torment resistance, unbreathing
a: Receive Corpses, Renounce Religion


You were on level 4 of the Dungeon.
You worshipped Kikubaaqudgha.
Kikubaaqudgha was aware of your devotion.
You were not hungry.

You visited 1 branch of the dungeon, and saw 4 of its levels.

You collected 225 gold pieces.

Inventory:

Hand Weapons
 n - a +2 short sword of electrocution (weapon)
Armour
 a - a +0 robe (worn)
Scrolls
 d - 8 scrolls of teleportation {unknown}
 f - a scroll of fog {unknown}
 g - 6 scrolls of identify {unknown}
 h - 2 scrolls of remove curse {unknown}
 k - a scroll of fear {unknown}
 q - a scroll of amnesia {unknown}
Potions
 e - a potion of agility {unknown}
 i - a potion of heal wounds {unknown}
 j - 4 potions of curing {unknown}
 l - 2 potions of mutation {unknown}
 p - 2 potions of berserk rage {unknown}
Books
 b - a book of Frost

   Spells                             Type                      Level
   a - Freeze                         Ice                          1
   b - Throw Frost                    Conjuration/Ice              2
   c - Ozocubu's Armour               Charms/Ice                   3
   d - Throw Icicle                   Conjuration/Ice              4
   e - Summon Ice Beast               Ice/Summoning                4
 o - Kikubaaqudgha's Guide on Unholy Rites
   (Kikubaaqudgha gifted it to you on level 3 of the Dungeon)

   Spells                             Type                      Level
   a - Animate Skeleton               Necromancy                   1
   b - Pain                           Necromancy                   1
   c - Corpse Rot                     Necromancy                   2
   d - Vampiric Draining              Necromancy                   3
   e - Control Undead                 Necromancy                   4
Comestibles
 c - 2 meat rations
 m - 3 chunks of flesh


   Skills:
 - Level 1.7 Dodging
 - Level 2.1 Stealth
 + Level 2.9 Spellcasting
   Level 0.7 Conjurations
 + Level 1.1 Necromancy
 + Level 5.0 Ice Magic


You had 7 spell levels left.
You knew the following spells:

 Your Spells              Type           Power        Failure   Level  Hunger
a - Freeze                Ice            ##..         3%          1    #......
b - Animate Skeleton      Necr           N/A          17%         1    #......


Dungeon Overview and Level Annotations

Branches:
Dungeon (4/15)
 Temple: D:4-7

Altars:
Kikubaaqudgha


Innate Abilities, Weirdness & Mutations

Your body is rotting away.
You thrive on raw meat.
You are immune to poison.
You have sharp fingernails.
You are carnivorous and can eat meat at any time.
Your flesh is cold resistant. (rC+)
You are immune to negative energy. (rN+++)
You do not regenerate when monsters are visible.
You are immune to unholy pain and torment.
You can survive without breathing.


Message History

Press: ? - help, Shift-Dir - straight line, f/p - bullfrog
Aim: a bullfrog (severely wounded, slow)
You freeze the bullfrog.
The bullfrog seems to slow down.
The bullfrog is severely wounded.
The bullfrog hits you.
* * * LOW HITPOINT WARNING * * *
Casting: Freeze
Confirm with . or Enter, or press ? or * to list all spells.
Aiming: Freeze
Press: ? - help, Shift-Dir - straight line, f/p - bullfrog
Aim: a bullfrog (severely wounded, slow)
You freeze the bullfrog.
The bullfrog seems to slow down.
The bullfrog is almost dead.
The bullfrog hits you.
* * * LOW HITPOINT WARNING * * *
You barely miss the bullfrog.
The bullfrog is severely wounded.
The bullfrog hits you!
You die...
Kikubaaqudgha rasps: "You have failed me!
Welcome... oblivion!"

......+ .. ......#
#.# .....+ .. #..
.....###... ..#
.......#.## ..
#...#....####.#.##
#F(......#... #..#
#@...##....## #.#
##..........####..
#................
#)...>##...#.....
#.#........#.##..
#.#.####...#.##..
#.#.# ##....##.#
#.#.# ##.####.#
#...######'####.#


You could see a bullfrog.

Vanquished Creatures
  5 adders
  3 oozes (D:3)
  An adder skeleton (D:3)
  2 worms (D:3)
  2 dart slugs
  A leopard gecko (D:3)
  8 orcs (D:3)
  2 giant cockroaches (D:1)
  8 goblins
  3 hobgoblins
  2 bats
  6 frilled lizards
  4 kobolds
  4 rats
51 creatures vanquished.

Vanquished Creatures (collateral kills)
  An orc (D:3)
1 creature vanquished.

Grand Total: 52 creatures vanquished

Notes
Turn   | Place    | Note
-------+----------+-------------------------------------------
     0 | D:1      | Knicklaso the Ghoul Ice Elementalist began the quest for the Orb.
     0 | D:1      | Reached XP level 1. HP: 14/14 MP: 2/2
   513 | D:1      | You fall through a shaft!
   546 | D:2      | Reached XP level 2. HP: 19/20 MP: 4/4
  1222 | D:1      | Reached XP level 3. HP: 21/21 MP: 5/5
  1356 | D:2      | Reached skill level 4 in Ice Magic
  1506 | D:2      | Found an ancient bone altar of Kikubaaqudgha.
  1515 | D:2      | Became a worshipper of Kikubaaqudgha
  2050 | D:3      | Reached XP level 4. HP: 27/30 MP: 7/7
  2301 | D:3      | Reached * piety under Kikubaaqudgha
  2301 | D:3      | Identified Kikubaaqudgha's Guide on Unholy Rites (Kikubaaqudgha gifted it to you on level 3 of the Dungeon)
  2301 | D:3      | Received a gift from Kikubaaqudgha
  2314 | D:3      | Learned a level 1 spell: Animate Skeleton
  2520 | D:3      | Reached skill level 5 in Ice Magic
  2542 | D:3      | Reached skill level 1 in Necromancy
  2542 | D:3      | Reached XP level 5. HP: 33/38 MP: 5/8
  2898 | D:4      | Slain by a bullfrog

Skill      XL: |  1  2  3  4 |
---------------+-------------+-----
Spellcasting   | 2 |  2.9
Ice Magic      | 4 5 |  5.0
Necromancy     | 1 |  1.1
Dodging        | |  1.7
Stealth        | |  2.1
Conjurations   | |  0.7

Action                   |  1- 3 |  4- 6 || total
-------------------------+-------+-------++-------
Melee: Unarmed           |    24 |       ||    24
       Short sword       |    43 |    63 ||   106
 Cast: Freeze            |    22 |    17 ||    39
       Animate Skeleton  |       |     3 ||     3
 Stab: Sleeping          |     3 |     3 ||     6
       Distracted        |       |     1 ||     1
  Eat: Chunk             |     8 |    11 ||    19
Armor: Robe              |     8 |     6 ||    14
Dodge: Dodged            |    44 |    36 ||    80
